 Seeded DCSS version 0.29-a0-11-ga75d3d97ab (webtiles) character file.

Game seed: 3698939498586987721 (custom seed)

175 croobank the Insei (level 5, -4/35 HPs)
             Began as an Octopode Transmuter on Jan 28, 2022.
             Slain by a worm (13 damage)
             ... on level 3 of the Dungeon.
             The game lasted 00:08:13 (3150 turns).

croobank the Insei (Octopode Transmuter)            Turns: 3150, Time: 00:08:13

Health: -4/35      AC:  9    Str:  9    XL:     5   Next: 55%
Magic:  9/9        EV: 14    Int: 18    God:
Gold:   118        SH:  0    Dex: 15    Spells: 3/9 levels left

rFire   . . .      SeeInvis .   a - +0 short sword
rCold   . . .      Faith    .   (no shield)
rNeg    + . .      Spirit   .   (helmet restricted)
rPois   .          Reflect  .   (no amulet)
rElec   .          Harm     .   e - ring of the Skies Above {rN+ AC+4 Dex+3}
rCorr   .          Rampage  .   o - +4 ring of protection
Will    .....                   (no ring)
Stlth   ++........              (no ring)
HPRegen 0.11/turn               (no ring)
MPRegen 0.11/turn               (no ring)
                                (no ring)
                                (no ring)

@: no status effects
A: almost no armour, amphibious, 8 rings, camouflage 1, gelatinous body 1,
(nimble swimmer 1), tentacles
a: no special abilities


You were on level 3 of the Dungeon.
You visited 1 branch of the dungeon, and saw 3 of its levels.

You collected 118 gold pieces.

Inventory:

Hand Weapons
 a - a +0 short sword (weapon)
 b - a +0 hunting sling
 m - a +0 glaive
 r - a +1 war axe of freezing
Missiles
 d - 58 stones
 k - 46 sling bullets
 l - a throwing net
 q - 6 poisoned darts
 s - 2 boomerangs
Jewellery
 e - the ring of the Skies Above (left tentacle) {rN+ AC+4 Dex+3}
   (You acquired it on level 1 of the Dungeon)

   [ring of protection]

   AC:        It affects your AC (+4).
   Dex:       It affects your dexterity (+3).
   rN:        It protects you from negative energy.
 o - a +4 ring of protection (right tentacle)
Scrolls
 c - a scroll of magic mapping {unknown}
 g - 2 scrolls of teleportation {unknown}
 i - 2 scrolls of identify {unknown}
 n - a scroll of acquirement
Potions
 f - a potion of brilliance {unknown}
 h - a potion of lignification {unknown}
 j - 2 potions of attraction {unknown}
 p - 2 potions of haste {unknown}


   Skills:
 + Level 2.3 Fighting
 + Level 3.0 Dodging
 + Level 3.7 Unarmed Combat
 + Level 2.8 Spellcasting
 + Level 3.1 Transmutations


You had 3 spell levels left.
You knew the following spells:

 Your Spells              Type           Power      Damage    Failure   Level
a - Beastly Appendage     Tmut           26%        N/A       4%          1
b - Wereblood             Tmut           13%        N/A       7%          2
c - Spider Form           Tmut/Pois      8%         N/A       26%         3

Your spell library contained the following spells:

 Spells                   Type           Power      Damage    Failure   Level
 Ice Form                 Ice/Tmut       8%         N/A       65%         4


Dungeon Overview and Level Annotations

Branches:
Dungeon (3/15)

Altars:
Trog

Shops:
D:2 (


Innate Abilities, Weirdness & Mutations

You cannot wear most types of armour.
You are amphibious.
You can wear up to eight rings at the same time.
Your skin changes colour to match your surroundings (Stealth+).
Your rubbery body absorbs attacks. (AC +1, EV +1)
((You are camouflaged when in or above water. (Stealth+)))
You have tentacles for arms and can constrict up to eight enemies at once.


Message History

You kill the rat!
You howl as the wereblood boils in your veins!
Your tentacle spike disappears.
The worm bites you!
You hit the worm. You grab the worm.
The worm is lightly wounded.
Your primal bloodlust is almost over.
You constrict the worm. The worm bites you but does no damage.
You barely miss the worm.
The worm is lightly wounded.
You howl as the wereblood boils in your veins!
You constrict the worm. The worm bites you!
You barely miss the worm.
The worm is lightly wounded.
You constrict the worm. The worm misses you.
You hit the worm.
The worm is moderately wounded.
You constrict the worm. The worm closely misses you.
You hit the worm.
The worm is severely wounded.
You constrict the worm. The worm closely misses you.
You hit the worm but do no damage.
The worm is severely wounded.
You constrict the worm. The worm misses you.
You hit the worm. You squeeze the worm.
You feel a bit better.
You kill the worm!
Your primal bloodlust has ended.
You hit the rat. Your grab misses the rat. You squeeze the rat.
You kill the rat!
You hit the worm. You grab the worm.
The worm is lightly wounded.
You constrict the worm. The worm barely misses you.
You hit the worm.
The worm is lightly wounded.
You constrict the worm. The worm bites you!
* * * LOW HITPOINT WARNING * * *
You hit the worm.
The worm is moderately wounded.
You constrict the worm. The worm bites you!
You die...

.......#.........#.###.#.......#.
.................................
.......#######.#.#.#########.....
......###....##..................
.....##.......##.#.#########.....
....##)).......#........# ######
....##....#....##.......# #
....#....###...##.......# #
#####.._.#y#..†w@.......# #
#....###...###.####### ###
#)...#....##......... #..
#.).......#.#.######. #..
##.......##.#.######.# #..
###....##..#........# ###
######............# #
#.............# # #.............#
#


You could see a moth of wrath and a worm (berserk).

Vanquished Creatures
  An iguana (D:2)
  An orc wizard (D:3)
  3 gnolls (D:2)
  An adder (D:2)
  A worm (D:3)
  10 orcs (D:3)
  7 ball pythons
  5 bats
  6 endoplasms
  A goblin (D:3)
  8 hobgoblins
  10 jackals
  2 quokkas
  5 frilled lizards
  3 kobolds
  6 rats
70 creatures vanquished.

Notes
Turn   | Place    | Note
-------+----------+-------------------------------------------
     0 | D:1      | croobank the Octopode Transmuter began the quest for the
                  | Orb.
     0 | D:1      | Reached XP level 1. HP: 13/13 MP: 3/3
   780 | D:1      | Reached XP level 2. HP: 12/18 MP: 3/5
   783 | D:1      | Learned a level 2 spell: Wereblood
  1356 | D:1      | Identified a scroll of acquirement
  1356 | D:1      | Acquired the ring of the Skies Above {rN+ AC+4 Dex+3}
  1400 | D:2      | Reached XP level 3. HP: 23/23 MP: 6/6
  1455 | D:2      | Found Afealo's Antique Weapon Shoppe.
  1611 | D:2      | Learned a level 3 spell: Spider Form
  1780 | D:2      | Reached XP level 4. HP: 16/29 MP: 7/7
  2646 | D:3      | Reached XP level 5. HP: 34/34 MP: 5/8
  2813 | D:3      | Found a faded altar of an unknown god.
  3112 | D:3      | Noticed a moth of wrath
  3114 | D:3      | Found a bloodstained altar of Trog.
  3150 | D:3      | Slain by a worm

Illustrated notes

Levels and vault maps discovered:
D:1:      roderic_octagonal_star, layout_loops_corners, serial_rivers,
          chequers_serial_rivers_room_b, chequers_serial_rivers_micro_e,
          chequers_serial_rivers_micro_c, chequers_serial_rivers_micro_a,
          chequers_serial_rivers_micro_e
D:2:      layout_loops_ring, serial_shops, shop_fountains
D:3:      layout_basic, tgw_trog, shapermc_ecumenical_altar_mp_ritualfount,
          grunt_ministairs_8

Skill      XL: |  1  2  3  4  5 |
---------------+----------------+-----
Fighting       | 2 |  2.3
Transmutations | 3 |  3.1
Dodging        | 3 |  3.0
Unarmed Combat | |  3.7
Spellcasting   | |  2.8

Action                   |  1- 3 |  4- 6 || total
-------------------------+-------+-------++-------
Melee: Unarmed           |    30 |    12 ||    42
       Kick              |    18 |    18 ||    36
       Constrict         |    22 |    16 ||    38
       Short sword       |    41 |    63 ||   104
       Tentacles         |    10 |    13 ||    23
       Punch             |     1 |     3 ||     4
 Cast: Beastly Appendage |    22 |    14 ||    36
       Wereblood         |     1 |     5 ||     6
       Spider Form       |       |     1 ||     1
  Use: Scroll            |     1 |       ||     1
 Stab: Sleeping          |     7 |     4 ||    11
Armor: Skin              |    19 |    13 ||    32
Dodge: Dodged            |    38 |    47 ||    85

Table legend: (Time is in decaauts)
 A = Elapsed time spent in this place.
 B = Non-inter-level travel time spent in this place.
 C = Inter-level travel time spent in this place.
 D = Time resting spent in this place.
 E = Time spent auto-exploring this place.
 F = Levels seen in this place.
 G = Mean time per level.
                   A        B        C        D        E       F      G
               +--------+--------+--------+--------+--------+-----+--------+
         Total |   3156 |   3097 |     59 |    215 |   2218 |   3 | 1052.0 |
       Dungeon |   3156 |   3097 |     59 |    215 |   2218 |   3 | 1052.0 |
               +--------+--------+--------+--------+--------+-----+--------+

Top non-repeatable levels by time:
     D:1: 1588 daAuts
     D:2: 948 daAuts
     D:3: 618 daAuts
